Workbook

Sheet Questions
A1: Number | B1: Question | C1: Answer | D1: Topic | E1: Sub-topic
A2: 1 | B2: What are the three parts of a system? | C2: Input, Process, Output | D2: Section 1 | E2: 1.1
A3: 2 | B3: What is the term used to describe machines communicating without human input? | C3: Smart technology
A4: 3 | B4: What is the word used to describe machines doing tasks without much/any human input? | C4: Automation
A5: 4 | B5: Give one advantage of automation | C5: Quicker, cheaper on a large scale, no wages, accurate, safer for workers
A6: 5 | B6: Give one disadvantage of automation | C6: Expensive to set up, loss of jobs
A7: 6 | B7: The three parts of a manufacturing system are input, process and ____. (name the missing part) | C7: Output
A8: 7 | B8: The three parts of a manufacturing system are input, _____ and output. (name the missing part) | C8: Process
A9: 8 | B9: What is printed onto a product or packaging to allow it to be tracked (e.g. for stock control) | C9: Barcode
A10: 9 | B10: What does CAD stand for? | C10: Computer Aided Design | E10: 1.2
A11: 10 | B11: What does CAM stand for? | C11: Computer Aided Manufacture
A12: 11 | B12: What does CNC stand for? | C12: Computer Numerically Controlled
A13: 12 | B13: Give one advantage of CAD/CAM | C13: Quicker, cheaper per product on a large scale, less waste, accurate, shareable
A14: 13 | B14: Give one disadvantage of CAD/CAM | C14: High initial cost, expensive to train workers, machine maintenance cost
A15: 14 | B15: Give one example of a 2D CAM machine | C15: Laser cutter
A16: 15 | B16: Give one example of a CAM machine | C16: Laser Cutter, CNC Router, CNC Milling Machine, 3D Printer, Printers
A17: 16 | B17: Is a 3D printer a 2-axis or 3-axis CAM machine? | C17: 3-axis
A18: 17 | B18: What is the word used to describe the impact of a process or product on the environment? | C18: Sustainability | E18: 1.3
A19: 18 | B19: What is the definition of a non-finite resource? | C19: It will not run out (can not be replaced)
A20: 19 | B20: What is the definition of a finite resource? | C20: It will run out (can not be replaced).
A21: 20 | B21: What is the word used to describe a product that is no longer useful or outdated? | C21: Obsolete
A22: 21 | B22: Give one possible negative effect of global warming | C22: Rising sea levels, extinction, drought, melting ice caps
A23: 22 | B23: Why might a company incorporate planned obsolescence into its products? | C23: So that customers update their products, making the company more profit.
A24: 23 | B24: Name one finite resource | C24: Coal, oil, gas
A25: 24 | B25: The amount of CO2 released by making, using and disposing of a product is called its what? | C25: Carbon Footprint
A26: 25 | B26: Why do manufacturers continuously improve their products? | C26: To sell more products | E26: 1.4
A27: 26 | B27: Assessing the environmental impact of a product at each stage of its life is called what? | C27: Life cycle assessment
A28: 27 | B28: Give two environmental benefits of recycling | C28: Reduces waste, saves finite resources, reduces pollution, saves energy
A29: 28 | B29: These are the 6 Rs. Repair, Re-use, Recycle, Rethink, ____, ____. What are the missing two? | C29: Reduce, Refuse
A30: 29 | B30: How could reducing the distance products have to travel help the environment? | C30: Reduces CO2/Greenhouse gas emissions. Reduces Global Warming
A31: 30 | B31: Fixing things instead of throwing them away is an example of which of the 6 Rs? | C31: Repair
A32: 31 | B32: These are the 6 Rs. Repair, Reuse, Refuse, Reduce, ____, ____. What are the missing two? | C32: Rethink, Recycle
A33: 32 | B33: These are the 6 Rs. Recycle, Rethink, Reduce, Refuse, ____, ____. What are the missing two? | C33: Repair, Re-use
A34: 33 | B34: Identifying and taking advantage of new business opportunities is known as what? | C34: Enterprise | E34: 1.5
A35: 34 | B35: State the word used to describe a large number of people investing money to fund an idea. | C35: Crowdfunding
A36: 35 | B36: Promoting a product online through social media, email or search engine is known as? | C36: Virtual Marketing
A37: 36 | B37: What is it called when a product is made due to consumer demand? | C37: Market Pull
A38: 37 | B38: What is it called when advances in technology drive the design of new products? | C38: Technology Push
A39: 38 | B39: A business that is owned and run by its members is known as a what? | C39: Co-operative
A40: 39 | B40: Name the organisation that ensures workers/ farmers get a fair price and conditions | C40: Fair Trade
A41: 40 | B41: What word describes a group of people’s way of life, traditions, beliefs, fashion and customs? | C41: Culture
A42: 41 | B42: Name 3 fossil fuels. | C42: Coal, Oil, Gas | E42: 1.6
A43: 42 | B43: Name 3 types of renewable energy. | C43: Wind, Solar, Tidal, Hydro, Biomass
A44: 43 | B44: What is the word used for organic matter used as a fuel for the generation of electricity. | C44: Biomass
A45: 44 | B45: Give one argument for the use of renewable energy | C45: Saves finite resources, becoming more efficient, public pressure, less CO2.
A46: 45 | B46: Give one argument against renewable technology | C46: Initial cost, reliability/consistency, effect on landscape
A47: 46 | B47: What renewable energy type uses generators making energy as water passes through a dam? | C47: Hydro
A48: 47 | B48: Why is the use of fossil fuels bad for the environment? | C48: Burning releases CO2, they are a finite resource, extraction causes pollution
A49: 48 | B49: What renewable energy type generates energy from the sun? | C49: Solar
A50: 49 | B50: A material’s ability to withstand forces without breaking | C50: Strength | D50: Section 2 | E50: 2.1
A51: 50 | B51: A material’s ability to withstand scratches, abrasion or denting | C51: Hardness
A52: 51 | B52: What is the word used to describe how easy it is to bend or shape a material? | C52: Malleability
A53: 52 | B53: What is the word used to describe how easy it is to draw a material out into a wire? | C53: Ductility
A54: 53 | B54: A material’s mass per unit of volume is known as its what? | C54: Density
A55: 54 | B55: What is the definition of a ferrous metal? | C55: A metal that contains iron
A56: 55 | B56: What is the word used to describe how good a material is at soaking up moisture? | C56: Absorbency
A57: 56 | B57: A mixture of two or more metals is called a what? | C57: Alloy
A58: 57 | B58: What type of paper is high quality, textured and used for sketching or making cards? | C58: Cartridge | E58: 2.2
A59: 58 | B59: What type of board has a bleached surface for printing onto, and is often used for packaging? | C59: Solid white board
A60: 59 | B60: What type of board has a fluted inner core for adding strength and rigidity? Often used for packaging. | C60: Corrugated card
A61: 60 | B61: What insulating board is often used for food packaging to keep the food warm? | C61: Foil lined board
A62: 61 | B62: What type of timber is this? Softwood, light in colour, quite strong, cheap. Often used in construction. | C62: Pine
A63: 62 | B63: What type of timber is this? Hardwood, low density, light, soft, easy to cut. Often used for model making. | C63: Balsa
A64: 63 | B64: What type of timber is this? Hardwood, tough, durable, strong. Often used in furniture. | C64: Oak
A65: 64 | B65: What type of timber is this? Hardwood, tough, absorbs shock. Used to make tool handles and baseball bats. | C65: Ash
A66: 65 | B66: What type of metal is this? Ferrous, Iron mixed with carbon, strong, cheap. Used to make car bodies. | C66: Steel | E66: 2.3
A67: 66 | B67: What type of metal is this? Non-Ferrous, light, corrosion resistant, malleable. Used to make tin cans/aeroplanes | C67: Aluminium
A68: 67 | B68: What type of metal is this? Non-ferrous, soft, malleable, ductile, conductive. Used to make electrical wires. | C68: Copper
A69: 68 | B69: What type of metal is this? Non-ferrous, not strong, corrosion resistant. Used to galvanise steel (prevent rust) | C69: Zinc
A70: 69 | B70: What type of polymer is this? Thermoforming, Strong, light. Used for washing up bowls, pipes, baskets. | C70: High-density polyethylene (HDPE)
A71: 70 | B71: What type of polymer is this? Thermoforming, light, strong, tough. Used to make drinks bottles. | C71: Polyethylene terephthalate (PET)
A72: 71 | B72: What type of polymer is this? Thermoforming, tough, flexible, used to make plastic chairs. | C72: Polypropylene (PP)
A73: 72 | B73: What type of polymer is this? Thermosetting, Hard, brittle, electrical insulator. Used to make plug sockets. | C73: Urea formaldehyde (UF)
A74: 73 | B74: What is the definition of natural fibres? | C74: Made from organic material (plants/animals) | E74: 2.4
A75: 74 | B75: What is the definition of synthetic? | C75: Man made from chemicals, coal or oil. Non-renewable.
A76: 75 | B76: What material is this? Natural, comes from a plant, strong, cheap. Used to make shirts and denim jeans | C76: Cotton
A77: 76 | B77: What material is this? Natural, comes from a worm. Smooth, comfortable. Often used to make dresses. | C77: Silk
A78: 77 | B78: What material is this? Synthetic, soft, stretchy, strong. Used in Lycra sportswear | C78: Elastane
A79: 78 | B79: What fabric construction is this? Interlocking loops of wool or other yarn. | C79: Knitted
A80: 79 | B80: What material is this? Synthetic, smooth, strong, cheap. Used in sportswear, sheets, often combined with cotton. | C80: Polyester
A81: 80 | B81: What material is this? Natural, comes from a sheep, warm, absorbent. Used to make coats and carpets. | C81: Wool
A82: 81 | B82: What is the term used to describe a fabric made of 2 or more different yarns? | C82: Mixed fabric | E82: 2.5
A83: 82 | B83: A fabric constructed using yarn made of 2 or more different materials is known as what? | C83: Blended fabric
A84: 83 | B84: What is the name given to timber sheets which are produced by gluing wood layers or fibres together? | C84: Manufactured boards
A85: 84 | B85: What does MDF stand for? | C85: Medium Density Fibreboard
A86: 85 | B86: Name this manufactured board: Tiny fibres of softwood glued together, cheap, easily painted. Used for flat pack furniture | C86: Medium Density Fibreboard (MDF)
A87: 86 | B87: Name this manufactured board: Several layers (plies) of wood glued together. Strong, used for building/furniture | C87: Plywood
A88: 87 | B88: Name the manufactured board: Compressed wood chips glued together. Cheap, not strong. Cheap furniture. | C88: Chipboard
A89: 88 | B89: What material is commonly used for cheap self assembly furniture? | C89: MDF or chipboard
A90: 89 | B90: In electronics, a collection of parts that work together is called what? | C90: A system | E90: 2.6
A91: 90 | B91: A system is made up of three parts, Input, _______ and ______. (Name the other two parts). | C91: Process, Output
A92: 91 | B92: Are switches and keyboards examples of input, process or output? | C92: Input
A93: 92 | B93: Is a microchip an example of an input, process or output? | C93: Process
A94: 93 | B94: Are LED lights and buzzers examples of inputs, processes or outputs? | C94: Outputs
A95: 94 | B95: What is the name given to a component that reduces current in a circuit, measures in ohms. | C95: Resistor
A96: 95 | B96: What is a PCB? | C96: Printed Circuit Board, copper tracks instead of wires.
A97: 96 | B97: What is the name given to a resistor whose resistance changes with temperature? | C97: Thermistor
A98: 97 | B98: What type of motion is moving one way/direction, in a straight line? | C98: Linear | E98: 2.7
A99: 98 | B99: What type of motion is moving backwards and forwards in a straight line? | C99: Reciprocating
A100: 99 | B100: What type of motion is moving backwards and forwards in an arc (e.g. swing) | C100: Oscillating
...

Sheet Do Now
B2: Do Now
E3: Number of questions: | H3: 5 | K3: Up to question: | M3: 296
B5: =IF(OR(H3=1, H3=2, H3=3, H3=4, H3=5), 1, "") -> 1 | C5: =IF(OR(H3=1, H3=2, H3=3, H3=4, H3=5), 'Do now Qs'!F2, "") -> What is it called when a product is made due to consumer demand?
B6: =IF(OR(H3=2, H3=3, H3=4, H3=5), 2, "") -> 2 | C6: =IF(OR(H3=2, H3=3, H3=4, H3=5), 'Do now Qs'!F3, "") -> PSE is a stock form of timber that has its rough surfaces planed off, leaving square edges. PSE stands for what?
B7: =IF(OR(H3=3, H3=4, H3=5), 3, "") -> 3 | C7: =IF(OR(H3=3, H3=4, H3=5),'Do now Qs'!F4, "") -> What is the word used to describe machines doing tasks without much/any human input?
B8: =IF(OR(H3=4, H3=5), 4, "") -> 4 | C8: =IF(OR(H3=4, H3=5),'Do now Qs'!F5, "") -> What is the word used to describe stretching force? (for example the force in trampoline springs)
B9: =IF(OR(H3=5), 5, "") -> 5 | C9: =IF(OR(H3=5),'Do now Qs'!F6, "") -> When choosing a suitable material, its ‘availability’ must be considered. Explain what availability means.

Sheet Do Now ans
B2: Do Now
E3: Number of questions: | H3: 5
B5: =IF(OR(H3=1, H3=2, H3=3, H3=4, H3=5), 1, "") -> 1 | C5: =IF(OR(H3=1, H3=2, H3=3, H3=4, H3=5), 'Do now Qs'!G2, "") -> Market Pull
B6: =IF(OR(H3=2, H3=3, H3=4, H3=5), 2, "") -> 2 | C6: =IF(OR(H3=2, H3=3, H3=4, H3=5), 'Do now Qs'!G3, "") -> Planed Square Edge
B7: =IF(OR(H3=3, H3=4, H3=5), 3, "") -> 3 | C7: =IF(OR(H3=3, H3=4, H3=5),'Do now Qs'!G4, "") -> Automation
B8: =IF(OR(H3=4, H3=5), 4, "") -> 4 | C8: =IF(OR(H3=4, H3=5),'Do now Qs'!G5, "") -> Tension
B9: =IF(OR(H3=5), 5, "") -> 5 | C9: =IF(OR(H3=5),'Do now Qs'!G6, "") -> How easy the material is to source (find) or buy. How rare or well stocked the material is.

Sheet Do now r
B2: Do Now
E3: Number of questions: | H3: 5 | K3: From Q | M3: 1 | N3: To Q | P3: 50
B5: =IF(OR(H3=1, H3=2, H3=3, H3=4, H3=5), 1, "") -> 1 | C5: =IF(OR(H3=1, H3=2, H3=3, H3=4, H3=5), 'Do now r Qs'!F7, "") -> Fixing things instead of throwing them away is an example of which of the 6 Rs?
B6: =IF(OR(H3=2, H3=3, H3=4, H3=5), 2, "") -> 2 | C6: =IF(OR(H3=2, H3=3, H3=4, H3=5), 'Do now r Qs'!F8, "") -> Why might a company incorporate planned obsolescence into its products?
B7: =IF(OR(H3=3, H3=4, H3=5), 3, "") -> 3 | C7: =IF(OR(H3=3, H3=4, H3=5),'Do now r Qs'!F9, "") -> The three parts of a manufacturing system are input, _____ and output. (name the missing part)
B8: =IF(OR(H3=4, H3=5), 4, "") -> 4 | C8: =IF(OR(H3=4, H3=5),'Do now r Qs'!F10, "") -> What are the three parts of a system?
B9: =IF(OR(H3=5), 5, "") -> 5 | C9: =IF(OR(H3=5),'Do now r Qs'!F11, "") -> A material’s ability to withstand scratches, abrasion or denting

Sheet Do now r ans
B2: Do Now
E3: Number of questions: | H3: 5
B5: =IF(OR(H3=1, H3=2, H3=3, H3=4, H3=5), 1, "") -> 1 | C5: =IF(OR(H3=1, H3=2, H3=3, H3=4, H3=5), 'Do now r Qs'!G7, "") -> Repair
B6: =IF(OR(H3=2, H3=3, H3=4, H3=5), 2, "") -> 2 | C6: =IF(OR(H3=2, H3=3, H3=4, H3=5), 'Do now r Qs'!G8, "") -> So that customers update their products, making the company more profit.
B7: =IF(OR(H3=3, H3=4, H3=5), 3, "") -> 3 | C7: =IF(OR(H3=3, H3=4, H3=5),'Do now r Qs'!G9, "") -> Process
B8: =IF(OR(H3=4, H3=5), 4, "") -> 4 | C8: =IF(OR(H3=4, H3=5),'Do now r Qs'!G10, "") -> Input, Process, Output
B9: =IF(OR(H3=5), 5, "") -> 5 | C9: =IF(OR(H3=5),'Do now r Qs'!G11, "") -> Hardness

Sheet Do now r Qs
E1: Question from bank | F1: Question | G1: Answer | M1: 1 | N1: =RAND() -> 0.47150445
B2: Interleaved Questions | M2: 2 | N2: =RAND() -> 0.60036573
A3: =ROW(A1) -> 1 | M3: 3 | N3: =RAND() -> 0.89073121
A4: =1+(ROW(A1)) -> 2 | M4: 4 | N4: =RAND() -> 0.98622256
M5: 5 | N5: =RAND() -> 0.041312737
M6: 6 | N6: =RAND() -> 0.74323692
B7: Topic Questions | C7: ='Do now r'!M3 -> 1 | D7: ='Do now r'!P3 -> 50 | E7: =INDEX((INDIRECT("m"&C7)):(INDIRECT("m"&D7)),RANK((INDIRECT("n"&C7)),(INDIRECT("n"&C7)):(INDIRECT("n"&D7)))) -> 30 | F7: =VLOOKUP(E7, Questions!A:E, 2, FALSE) -> Fixing things instead of throwing them away is an example of which of the 6 Rs? | G7: =VLOOKUP(E7, Questions!A:E, 3, FALSE) -> Repair | M7: 7 | N7: =RAND() -> 0.79204027
E8: =INDEX((INDIRECT("m"&C7)):(INDIRECT("m"&D7)),RANK((INDIRECT("n"&C7+1)),(INDIRECT("n"&C7)):(INDIRECT("n"&D7)))) -> 22 | F8: =VLOOKUP(E8, Questions!A:E, 2, FALSE) -> Why might a company incorporate planned obsolescence into its products? | G8: =VLOOKUP(E8, Questions!A:E, 3, FALSE) -> So that customers update their products, making the company more profit. | M8: 8 | N8: =RAND() -> 0.80084824
E9: =INDEX((INDIRECT("m"&C7)):(INDIRECT("m"&D7)),RANK((INDIRECT("n"&C7+2)),(INDIRECT("n"&C7)):(INDIRECT("n"&D7)))) -> 7 | F9: =VLOOKUP(E9, Questions!A:E, 2, FALSE) -> The three parts of a manufacturing system are input, _____ and output. (name the missing part) | G9: =VLOOKUP(E9, Questions!A:E, 3, FALSE) -> Process | M9: 9 | N9: =RAND() -> 0.35763294
E10: =INDEX((INDIRECT("m"&C7)):(INDIRECT("m"&D7)),RANK((INDIRECT("n"&C7+3)),(INDIRECT("n"&C7)):(INDIRECT("n"&D7)))) -> 1 | F10: =VLOOKUP(E10, Questions!A:E, 2, FALSE) -> What are the three parts of a system? | G10: =VLOOKUP(E10, Questions!A:E, 3, FALSE) -> Input, Process, Output | M10: 10 | N10: =RAND() -> 0.81033239
E11: =INDEX((INDIRECT("m"&C7)):(INDIRECT("m"&D7)),RANK((INDIRECT("n"&C7+4)),(INDIRECT("n"&C7)):(INDIRECT("n"&D7)))) -> 50 | F11: =VLOOKUP(E11, Questions!A:E, 2, FALSE) -> A material’s ability to withstand scratches, abrasion or denting | G11: =VLOOKUP(E11, Questions!A:E, 3, FALSE) -> Hardness | M11: 11 | N11: =RAND() -> 0.29714922
E12: =INDEX((INDIRECT("m"&C7)):(INDIRECT("m"&D7)),RANK((INDIRECT("n"&C7+5)),(INDIRECT("n"&C7)):(INDIRECT("n"&D7)))) -> 17 | F12: =VLOOKUP(E12, Questions!A:E, 2, FALSE) -> What is the word used to describe the impact of a process or product on the environment? | G12: =VLOOKUP(E12, Questions!A:E, 3, FALSE) -> Sustainability | M12: 12 | N12: =RAND() -> 0.11991618
E13: =INDEX((INDIRECT("m"&C7)):(INDIRECT("m"&D7)),RANK((INDIRECT("n"&C7+6)),(INDIRECT("n"&C7)):(INDIRECT("n"&D7)))) -> 12 | F13: =VLOOKUP(E13, Questions!A:E, 2, FALSE) -> Give one advantage of CAD/CAM | G13: =VLOOKUP(E13, Questions!A:E, 3, FALSE) -> Quicker, cheaper per product on a large scale, less waste, accurate, shareable | M13: 13 | N13: =RAND() -> 0.33588386
E14: =INDEX((INDIRECT("m"&C7)):(INDIRECT("m"&D7)),RANK((INDIRECT("n"&C7+7)),(INDIRECT("n"&C7)):(INDIRECT("n"&D7)))) -> 11 | F14: =VLOOKUP(E14, Questions!A:E, 2, FALSE) -> What does CNC stand for? | G14: =VLOOKUP(E14, Questions!A:E, 3, FALSE) -> Computer Numerically Controlled | M14: 14 | N14: =RAND() -> 0.56278197
E15: =INDEX((INDIRECT("m"&C7)):(INDIRECT("m"&D7)),RANK((INDIRECT("n"&C7+8)),(INDIRECT("n"&C7)):(INDIRECT("n"&D7)))) -> 35 | F15: =VLOOKUP(E15, Questions!A:E, 2, FALSE) -> Promoting a product online through social media, email or search engine is known as? | G15: =VLOOKUP(E15, Questions!A:E, 3, FALSE) -> Virtual Marketing | M15: 15 | N15: =RAND() -> 0.53972017
E16: =INDEX((INDIRECT("m"&C7)):(INDIRECT("m"&D7)),RANK((INDIRECT("n"&C7+9)),(INDIRECT("n"&C7)):(INDIRECT("n"&D7)))) -> 10 | F16: =VLOOKUP(E16, Questions!A:E, 2, FALSE) -> What does CAM stand for? | G16: =VLOOKUP(E16, Questions!A:E, 3, FALSE) -> Computer Aided Manufacture | M16: 16 | N16: =RAND() -> 0.43123819
E17: =INDEX((INDIRECT("m"&C7)):(INDIRECT("m"&D7)),RANK((INDIRECT("n"&C7+10)),(INDIRECT("n"&C7)):(INDIRECT("n"&D7)))) -> 39 | F17: =VLOOKUP(E17, Questions!A:E, 2, FALSE) -> Name the organisation that ensures workers/ farmers get a fair price and conditions | G17: =VLOOKUP(E17, Questions!A:E, 3, FALSE) -> Fair Trade | M17: 17 | N17: =RAND() -> 0.27914985
E18: =INDEX((INDIRECT("m"&C7)):(INDIRECT("m"&D7)),RANK((INDIRECT("n"&C7+11)),(INDIRECT("n"&C7)):(INDIRECT("n"&D7)))) -> 44 | F18: =VLOOKUP(E18, Questions!A:E, 2, FALSE) -> Give one argument for the use of renewable energy | G18: =VLOOKUP(E18, Questions!A:E, 3, FALSE) -> Saves finite resources, becoming more efficient, public pressure, less CO2. | M18: 18 | N18: =RAND() -> 0.51135191
E19: =INDEX((INDIRECT("m"&C7)):(INDIRECT("m"&D7)),RANK((INDIRECT("n"&C7+12)),(INDIRECT("n"&C7)):(INDIRECT("n"&D7)))) -> 36 | F19: =VLOOKUP(E19, Questions!A:E, 2, FALSE) -> What is it called when a product is made due to consumer demand? | G19: =VLOOKUP(E19, Questions!A:E, 3, FALSE) -> Market Pull | M19: 19 | N19: =RAND() -> 0.72602483
E20: =INDEX((INDIRECT("m"&C7)):(INDIRECT("m"&D7)),RANK((INDIRECT("n"&C7+13)),(INDIRECT("n"&C7)):(INDIRECT("n"&D7)))) -> 26 | F20: =VLOOKUP(E20, Questions!A:E, 2, FALSE) -> Assessing the environmental impact of a product at each stage of its life is called what? | G20: =VLOOKUP(E20, Questions!A:E, 3, FALSE) -> Life cycle assessment | M20: 20 | N20: =RAND() -> 0.055365408
E21: =INDEX((INDIRECT("m"&C7)):(INDIRECT("m"&D7)),RANK((INDIRECT("n"&C7+14)),(INDIRECT("n"&C7)):(INDIRECT("n"&D7)))) -> 27 | F21: =VLOOKUP(E21, Questions!A:E, 2, FALSE) -> Give two environmental benefits of recycling | G21: =VLOOKUP(E21, Questions!A:E, 3, FALSE) -> Reduces waste, saves finite resources, reduces pollution, saves energy | M21: 21 | N21: =RAND() -> 0.07947533
E22: =INDEX((INDIRECT("m"&C7)):(INDIRECT("m"&D7)),RANK((INDIRECT("n"&C7+15)),(INDIRECT("n"&C7)):(INDIRECT("n"&D7)))) -> 32 | F22: =VLOOKUP(E22, Questions!A:E, 2, FALSE) -> These are the 6 Rs. Recycle, Rethink, Reduce, Refuse, ____, ____. What are the missing two? | G22: =VLOOKUP(E22, Questions!A:E, 3, FALSE) -> Repair, Re-use | M22: 22 | N22: =RAND() -> 0.078355431
E23: =INDEX((INDIRECT("m"&C7)):(INDIRECT("m"&D7)),RANK((INDIRECT("n"&C7+16)),(INDIRECT("n"&C7)):(INDIRECT("n"&D7)))) -> 40 | F23: =VLOOKUP(E23, Questions!A:E, 2, FALSE) -> What word describes a group of people’s way of life, traditions, beliefs, fashion and customs? | G23: =VLOOKUP(E23, Questions!A:E, 3, FALSE) -> Culture | M23: 23 | N23: =RAND() -> 0.45698047
E24: =INDEX((INDIRECT("m"&C7)):(INDIRECT("m"&D7)),RANK((INDIRECT("n"&C7+17)),(INDIRECT("n"&C7)):(INDIRECT("n"&D7)))) -> 29 | F24: =VLOOKUP(E24, Questions!A:E, 2, FALSE) -> How could reducing the distance products have to travel help the environment? | G24: =VLOOKUP(E24, Questions!A:E, 3, FALSE) -> Reduces CO2/Greenhouse gas emissions. Reduces Global Warming | M24: 24 | N24: =RAND() -> 0.61155267
E25: =INDEX((INDIRECT("m"&C7)):(INDIRECT("m"&D7)),RANK((INDIRECT("n"&C7+18)),(INDIRECT("n"&C7)):(INDIRECT("n"&D7)))) -> 18 | F25: =VLOOKUP(E25, Questions!A:E, 2, FALSE) -> What is the definition of a non-finite resource? | G25: =VLOOKUP(E25, Questions!A:E, 3, FALSE) -> It will not run out (can not be replaced) | M25: 25 | N25: =RAND() -> 0.76966687
E26: =INDEX((INDIRECT("m"&C7)):(INDIRECT("m"&D7)),RANK((INDIRECT("n"&C7+19)),(INDIRECT("n"&C7)):(INDIRECT("n"&D7)))) -> 49 | F26: =VLOOKUP(E26, Questions!A:E, 2, FALSE) -> A material’s ability to withstand forces without breaking | G26: =VLOOKUP(E26, Questions!A:E, 3, FALSE) -> Strength | M26: 26 | N26: =RAND() -> 0.95183396
E27: =INDEX((INDIRECT("m"&C7)):(INDIRECT("m"&D7)),RANK((INDIRECT("n"&C7+20)),(INDIRECT("n"&C7)):(INDIRECT("n"&D7)))) -> 47 | F27: =VLOOKUP(E27, Questions!A:E, 2, FALSE) -> Why is the use of fossil fuels bad for the environment? | G27: =VLOOKUP(E27, Questions!A:E, 3, FALSE) -> Burning releases CO2, they are a finite resource, extraction causes pollution | M27: 27 | N27: =RAND() -> 0.56825389
E28: =INDEX((INDIRECT("m"&C7)):(INDIRECT("m"&D7)),RANK((INDIRECT("n"&C7+21)),(INDIRECT("n"&C7)):(INDIRECT("n"&D7)))) -> 48 | F28: =VLOOKUP(E28, Questions!A:E, 2, FALSE) -> What renewable energy type generates energy from the sun? | G28: =VLOOKUP(E28, Questions!A:E, 3, FALSE) -> Solar | M28: 28 | N28: =RAND() -> 0.23561582
E29: =INDEX((INDIRECT("m"&C7)):(INDIRECT("m"&D7)),RANK((INDIRECT("n"&C7+22)),(INDIRECT("n"&C7)):(INDIRECT("n"&D7)))) -> 31 | F29: =VLOOKUP(E29, Questions!A:E, 2, FALSE) -> These are the 6 Rs. Repair, Reuse, Refuse, Reduce, ____, ____. What are the missing two? | G29: =VLOOKUP(E29, Questions!A:E, 3, FALSE) -> Rethink, Recycle | M29: 29 | N29: =RAND() -> 0.58232931
E30: =INDEX((INDIRECT("m"&C7)):(INDIRECT("m"&D7)),RANK((INDIRECT("n"&C7+23)),(INDIRECT("n"&C7)):(INDIRECT("n"&D7)))) -> 21 | F30: =VLOOKUP(E30, Questions!A:E, 2, FALSE) -> Give one possible negative effect of global warming | G30: =VLOOKUP(E30, Questions!A:E, 3, FALSE) -> Rising sea levels, extinction, drought, melting ice caps | M30: 30 | N30: =RAND() -> 0.75523517
E31: =INDEX((INDIRECT("m"&C7)):(INDIRECT("m"&D7)),RANK((INDIRECT("n"&C7+24)),(INDIRECT("n"&C7)):(INDIRECT("n"&D7)))) -> 13 | F31: =VLOOKUP(E31, Questions!A:E, 2, FALSE) -> Give one disadvantage of CAD/CAM | G31: =VLOOKUP(E31, Questions!A:E, 3, FALSE) -> High initial cost, expensive to train workers, machine maintenance cost | M31: 31 | N31: =RAND() -> 0.53151208
E32: =INDEX((INDIRECT("m"&C7)):(INDIRECT("m"&D7)),RANK((INDIRECT("n"&C7+25)),(INDIRECT("n"&C7)):(INDIRECT("n"&D7)))) -> 4 | F32: =VLOOKUP(E32, Questions!A:E, 2, FALSE) -> Give one advantage of automation | G32: =VLOOKUP(E32, Questions!A:E, 3, FALSE) -> Quicker, cheaper on a large scale, no wages, accurate, safer for workers | M32: 32 | N32: =RAND() -> 0.098519393
E33: =INDEX((INDIRECT("m"&C7)):(INDIRECT("m"&D7)),RANK((INDIRECT("n"&C7+26)),(INDIRECT("n"&C7)):(INDIRECT("n"&D7)))) -> 25 | F33: =VLOOKUP(E33, Questions!A:E, 2, FALSE) -> Why do manufacturers continuously improve their products? | G33: =VLOOKUP(E33, Questions!A:E, 3, FALSE) -> To sell more products | M33: 33 | N33: =RAND() -> 0.72067589
E34: =INDEX((INDIRECT("m"&C7)):(INDIRECT("m"&D7)),RANK((INDIRECT("n"&C7+27)),(INDIRECT("n"&C7)):(INDIRECT("n"&D7)))) -> 41 | F34: =VLOOKUP(E34, Questions!A:E, 2, FALSE) -> Name 3 fossil fuels. | G34: =VLOOKUP(E34, Questions!A:E, 3, FALSE) -> Coal, Oil, Gas | M34: 34 | N34: =RAND() -> 0.3837171
E35: =INDEX((INDIRECT("m"&C7)):(INDIRECT("m"&D7)),RANK((INDIRECT("n"&C7+28)),(INDIRECT("n"&C7)):(INDIRECT("n"&D7)))) -> 24 | F35: =VLOOKUP(E35, Questions!A:E, 2, FALSE) -> The amount of CO2 released by making, using and disposing of a product is called its what? | G35: =VLOOKUP(E35, Questions!A:E, 3, FALSE) -> Carbon Footprint | M35: 35 | N35: =RAND() -> 0.094362291
E36: =INDEX((INDIRECT("m"&C7)):(INDIRECT("m"&D7)),RANK((INDIRECT("n"&C7+29)),(INDIRECT("n"&C7)):(INDIRECT("n"&D7)))) -> 15 | F36: =VLOOKUP(E36, Questions!A:E, 2, FALSE) -> Give one example of a CAM machine | G36: =VLOOKUP(E36, Questions!A:E, 3, FALSE) -> Laser Cutter, CNC Router, CNC Milling Machine, 3D Printer, Printers | M36: 36 | N36: =RAND() -> 0.22463095
M37: 37 | N37: =RAND() -> 0.977657
M38: 38 | N38: =RAND() -> 0.33110065
M39: 39 | N39: =RAND() -> 0.89395076
M40: 40 | N40: =RAND() -> 0.41886221
M41: 41 | N41: =RAND() -> 0.59706761
M42: 42 | N42: =RAND() -> 0.86060308
M43: 43 | N43: =RAND() -> 0.83890125
M44: 44 | N44: =RAND() -> 0.19295953
M45: 45 | N45: =RAND() -> 0.89260471
M46: 46 | N46: =RAND() -> 0.29871753
M47: 47 | N47: =RAND() -> 0.96597437
M48: 48 | N48: =RAND() -> 0.74469267
... M516: 516 | N516: =RAND() -> 0.66543666

Sheet Pen and paper
B1: Pen and paper mini-quiz | C1: Name:
A3: 1 | B3: ='Do now r Qs'!F7 -> Fixing things instead of throwing them away is an example of which of the 6 Rs? | F3: Use the Do Now R tab to set a range for this quiz. On this tab, select the questions you want to print, then in the print page make sure it says "print current selection" and "fit all columns on one page" hey presto you're cover lesson is sorted.
A4: 2 | B4: ='Do now r Qs'!F8 -> Why might a company incorporate planned obsolescence into its products?
A5: 3 | B5: ='Do now r Qs'!F9 -> The three parts of a manufacturing system are input, _____ and output. (name the missing part)
A6: 4 | B6: ='Do now r Qs'!F10 -> What are the three parts of a system?
A7: 5 | B7: ='Do now r Qs'!F11 -> A material’s ability to withstand scratches, abrasion or denting
A8: 6 | B8: ='Do now r Qs'!F12 -> What is the word used to describe the impact of a process or product on the environment?
A9: 7 | B9: ='Do now r Qs'!F13 -> Give one advantage of CAD/CAM
A10: 8 | B10: ='Do now r Qs'!F14 -> What does CNC stand for?
A11: 9 | B11: ='Do now r Qs'!F15 -> Promoting a product online through social media, email or search engine is known as?
A12: 10 | B12: ='Do now r Qs'!F16 -> What does CAM stand for?
A13: 11 | B13: ='Do now r Qs'!F17 -> Name the organisation that ensures workers/ farmers get a fair price and conditions
A14: 12 | B14: ='Do now r Qs'!F18 -> Give one argument for the use of renewable energy
A15: 13 | B15: ='Do now r Qs'!F19 -> What is it called when a product is made due to consumer demand?
... A32: 30 | B32: ='Do now r Qs'!F36 -> Give one example of a CAM machine

Sheet Sheet2
D2: Number of questions: | G2: 5 | J2: From Q | L2: 1 | M2: To Q | O2: 33
A4: =IF(OR(G2=1, G2=2, G2=3, G2=4, G2=5), 1, "") -> 1 | B4: =IF(OR(G2=1, G2=2, G2=3, G2=4, G2=5), 'Do now r Qs'!E6, "") -> 0
A5: =IF(OR(G2=2, G2=3, G2=4, G2=5), 2, "") -> 2 | B5: =IF(OR(G2=2, G2=3, G2=4, G2=5), 'Do now r Qs'!E7, "") -> 30
A6: =IF(OR(G2=3, G2=4, G2=5), 3, "") -> 3 | B6: =IF(OR(G2=3, G2=4, G2=5),'Do now r Qs'!E8, "") -> 22
A7: =IF(OR(G2=4, G2=5), 4, "") -> 4 | B7: =IF(OR(G2=4, G2=5),'Do now r Qs'!E9, "") -> 7
A8: =IF(OR(G2=5), 5, "") -> 5 | B8: =IF(OR(G2=5),'Do now r Qs'!E10, "") -> 1

Sheet Infinity
D2: Number of questions: | G2: 5 | J2: Up to question: | L2: 22
A4: =IF(OR(G2=1, G2=2, G2=3, G2=4, G2=5), 1, "") -> 1 | B4: =IF(OR(G2=1, G2=2, G2=3, G2=4, G2=5), 'Do now Qs'!E1, "") -> Question from bank
A5: =IF(OR(G2=2, G2=3, G2=4, G2=5), 2, "") -> 2 | B5: =IF(OR(G2=2, G2=3, G2=4, G2=5), 'Do now Qs'!E2, "") -> 36
A6: =IF(OR(G2=3, G2=4, G2=5), 3, "") -> 3 | B6: =IF(OR(G2=3, G2=4, G2=5),'Do now Qs'!E3, "") -> 218
A7: =IF(OR(G2=4, G2=5), 4, "") -> 4 | B7: =IF(OR(G2=4, G2=5),'Do now Qs'!E4, "") -> 3
A8: =IF(OR(G2=5), 5, "") -> 5 | B8: =IF(OR(G2=5),'Do now Qs'!E5, "") -> 122

Sheet Do now Qs
E1: Question from bank | F1: Question | G1: Answer | M1: 1 | N1: =RAND() -> 0.87210011
B2: Interleaved Questions | D2: ='Do Now'!M3 -> 296 | E2: =INDEX(M$1:(INDIRECT("m"&D$2)),RANK(N1,N$1:(INDIRECT("n"&D$2)))) -> 36 | F2: =VLOOKUP(E2, Questions!A:E, 2, FALSE) -> What is it called when a product is made due to consumer demand? | G2: =VLOOKUP(E2, Questions!A:E, 3, FALSE) -> Market Pull | M2: 2 | N2: =RAND() -> 0.25955741
A3: =ROW(A1) -> 1 | E3: =INDEX(M$1:(INDIRECT("m"&D$2)),RANK(N2,N$1:(INDIRECT("n"&D$2)))) -> 218 | F3: =VLOOKUP(E3, Questions!A:E, 2, FALSE) -> PSE is a stock form of timber that has its rough surfaces planed off, leaving square edges. PSE stands for what? | G3: =VLOOKUP(E3, Questions!A:E, 3, FALSE) -> Planed Square Edge | M3: 3 | N3: =RAND() -> 0.99470624
A4: =1+(ROW(A1)) -> 2 | E4: =INDEX(M$1:(INDIRECT("m"&D$2)),RANK(N3,N$1:(INDIRECT("n"&D$2)))) -> 3 | F4: =VLOOKUP(E4, Questions!A:E, 2, FALSE) -> What is the word used to describe machines doing tasks without much/any human input? | G4: =VLOOKUP(E4, Questions!A:E, 3, FALSE) -> Automation | M4: 4 | N4: =RAND() -> 0.59374246
E5: =INDEX(M$1:(INDIRECT("m"&D$2)),RANK(N4,N$1:(INDIRECT("n"&D$2)))) -> 122 | F5: =VLOOKUP(E5, Questions!A:E, 2, FALSE) -> What is the word used to describe stretching force? (for example the force in trampoline springs) | G5: =VLOOKUP(E5, Questions!A:E, 3, FALSE) -> Tension | M5: 5 | N5: =RAND() -> 0.62652039
E6: =INDEX(M$1:(INDIRECT("m"&D$2)),RANK(N5,N$1:(INDIRECT("n"&D$2)))) -> 114 | F6: =VLOOKUP(E6, Questions!A:E, 2, FALSE) -> When choosing a suitable material, its ‘availability’ must be considered. Explain what availability means. | G6: =VLOOKUP(E6, Questions!A:E, 3, FALSE) -> How easy the material is to source (find) or buy. How rare or well stocked the material is. | M6: 6 | N6: =RAND() -> 0.96498301
B7: Topic Questions | M7: 7 | N7: =RAND() -> 0.63125078
M8: 8 | N8: =RAND() -> 0.58436872
M9: 9 | N9: =RAND() -> 0.12466486
M10: 10 | N10: =RAND() -> 0.39235364
M11: 11 | N11: =RAND() -> 0.73296733
M12: 12 | N12: =RAND() -> 0.67264669
M13: 13 | N13: =RAND() -> 0.64390926
M14: 14 | N14: =RAND() -> 0.20825653
M15: 15 | N15: =RAND() -> 0.2384921
M16: 16 | N16: =RAND() -> 0.61556343
M17: 17 | N17: =RAND() -> 0.85521779
M18: 18 | N18: =RAND() -> 0.75053958
M19: 19 | N19: =RAND() -> 0.87491502
... M516: 516 | N516: =RAND() -> 0.41201922

Sheet For board 10
A1: 1 | B1: ='Do now r Qs'!F2 -> 0
A2: 2 | B2: ='Do now r Qs'!F3 -> 0
A3: 3 | B3: ='Do now r Qs'!F4 -> 0
A4: 4 | B4: ='Do now r Qs'!F5 -> 0
A5: 5 | B5: ='Do now r Qs'!F6 -> 0
A6: 6 | B6: ='Do now r Qs'!F7 -> Fixing things instead of throwing them away is an example of which of the 6 Rs?
A7: 7 | B7: ='Do now r Qs'!F8 -> Why might a company incorporate planned obsolescence into its products?
A8: 8 | B8: ='Do now r Qs'!F9 -> The three parts of a manufacturing system are input, _____ and output. (name the missing part)
A9: 9 | B9: ='Do now r Qs'!F10 -> What are the three parts of a system?
A10: 10 | B10: ='Do now r Qs'!F11 -> A material’s ability to withstand scratches, abrasion or denting

Sheet Quiz 8
E1: Question from bank | F1: Question | G1: Answer | M1: 1 | N1: =RAND() -> 0.57911776
B2: Interleaved Questions | D2: 229 | E2: =INDEX(M$1:(INDIRECT("m"&D$2)),RANK(N1,N$1:(INDIRECT("n"&D$2)))) -> 85 | F2: =VLOOKUP(E2, Questions!A:E, 2, FALSE) -> Name this manufactured board: Tiny fibres of softwood glued together, cheap, easily painted. Used for flat pack furniture | G2: =VLOOKUP(E2, Questions!A:E, 3, FALSE) -> Medium Density Fibreboard (MDF) | M2: 2 | N2: =RAND() -> 0.58268493
E3: =INDEX(M$1:(INDIRECT("m"&D$2)),RANK(N2,N$1:(INDIRECT("n"&D$2)))) -> 83 | F3: =VLOOKUP(E3, Questions!A:E, 2, FALSE) -> What is the name given to timber sheets which are produced by gluing wood layers or fibres together? | G3: =VLOOKUP(E3, Questions!A:E, 3, FALSE) -> Manufactured boards | M3: 3 | N3: =RAND() -> 0.47208782
E4: =INDEX(M$1:(INDIRECT("m"&D$2)),RANK(N3,N$1:(INDIRECT("n"&D$2)))) -> 114 | F4: =VLOOKUP(E4, Questions!A:E, 2, FALSE) -> When choosing a suitable material, its ‘availability’ must be considered. Explain what availability means. | G4: =VLOOKUP(E4, Questions!A:E, 3, FALSE) -> How easy the material is to source (find) or buy. How rare or well stocked the material is. | M4: 4 | N4: =RAND() -> 0.97670975
E5: =INDEX(M$1:(INDIRECT("m"&D$2)),RANK(N4,N$1:(INDIRECT("n"&D$2)))) -> 4 | F5: =VLOOKUP(E5, Questions!A:E, 2, FALSE) -> Give one advantage of automation | G5: =VLOOKUP(E5, Questions!A:E, 3, FALSE) -> Quicker, cheaper on a large scale, no wages, accurate, safer for workers | M5: 5 | N5: =RAND() -> 0.05358457
B6: Topic Questions | C6: 1 | D6: 4 | E6: =INDEX((INDIRECT("m"&C6)):(INDIRECT("m"&D6)),RANK((INDIRECT("n"&C6)),(INDIRECT("n"&C6)):(INDIRECT("n"&D6)))) -> 3 | F6: =VLOOKUP(E6, Questions!A:E, 2, FALSE) -> What is the word used to describe machines doing tasks without much/any human input? | G6: =VLOOKUP(E6, Questions!A:E, 3, FALSE) -> Automation | M6: 6 | N6: =RAND() -> 0.19659055
E7: =INDEX((INDIRECT("m"&C6)):(INDIRECT("m"&D6)),RANK((INDIRECT("n"&C6+1)),(INDIRECT("n"&C6)):(INDIRECT("n"&D6)))) -> 2 | F7: =VLOOKUP(E7, Questions!A:E, 2, FALSE) -> What is the term used to describe machines communicating without human input? | G7: =VLOOKUP(E7, Questions!A:E, 3, FALSE) -> Smart technology | M7: 7 | N7: =RAND() -> 0.25955312
E8: =INDEX((INDIRECT("m"&C6)):(INDIRECT("m"&D6)),RANK((INDIRECT("n"&C6+2)),(INDIRECT("n"&C6)):(INDIRECT("n"&D6)))) -> 4 | F8: =VLOOKUP(E8, Questions!A:E, 2, FALSE) -> Give one advantage of automation | G8: =VLOOKUP(E8, Questions!A:E, 3, FALSE) -> Quicker, cheaper on a large scale, no wages, accurate, safer for workers | M8: 8 | N8: =RAND() -> 0.82617993
E9: =INDEX((INDIRECT("m"&C6)):(INDIRECT("m"&D6)),RANK((INDIRECT("n"&C6+3)),(INDIRECT("n"&C6)):(INDIRECT("n"&D6)))) -> 1 | F9: =VLOOKUP(E9, Questions!A:E, 2, FALSE) -> What are the three parts of a system? | G9: =VLOOKUP(E9, Questions!A:E, 3, FALSE) -> Input, Process, Output | M9: 9 | N9: =RAND() -> 0.10528797
M10: 10 | N10: =RAND() -> 0.48089474
M11: 11 | N11: =RAND() -> 0.11184115
M12: 12 | N12: =RAND() -> 0.83883565
M13: 13 | N13: =RAND() -> 0.46859554
M14: 14 | N14: =RAND() -> 0.1402628
M15: 15 | N15: =RAND() -> 0.015688377
M16: 16 | N16: =RAND() -> 0.81346954
M17: 17 | N17: =RAND() -> 0.082397572
M18: 18 | N18: =RAND() -> 0.0031458033
M19: 19 | N19: =RAND() -> 0.29045707
M20: 20 | N20: =RAND() -> 0.83079008
M21: 21 | N21: =RAND() -> 0.53572178
... M516: 516 | N516: =RAND() -> 0.42811392

Sheet For board 8
A1: 1 | B1: ='Quiz 8'!F2 -> Name this manufactured board: Tiny fibres of softwood glued together, cheap, easily painted. Used for flat pack furniture
A2: 2 | B2: ='Quiz 8'!F3 -> What is the name given to timber sheets which are produced by gluing wood layers or fibres together?
A3: 3 | B3: ='Quiz 8'!F4 -> When choosing a suitable material, its ‘availability’ must be considered. Explain what availability means.
A4: 4 | B4: ='Quiz 8'!F5 -> Give one advantage of automation
A5: 5 | B5: ='Quiz 8'!F6 -> What is the word used to describe machines doing tasks without much/any human input?
A6: 6 | B6: ='Quiz 8'!F7 -> What is the term used to describe machines communicating without human input?
A7: 7 | B7: ='Quiz 8'!F8 -> Give one advantage of automation
A8: 8 | B8: ='Quiz 8'!F9 -> What are the three parts of a system?

Sheet Quiz 6
E1: Question from bank | F1: Question | G1: Answer | M1: 1 | N1: =RAND() -> 0.45988965
B2: Interleaved Questions | D2: 229 | E2: =INDEX(M$1:(INDIRECT("m"&D$2)),RANK(N1,N$1:(INDIRECT("n"&D$2)))) -> 134 | F2: =VLOOKUP(E2, Questions!A:E, 2, FALSE) -> What scale of production would be suitable to make road cars? | G2: =VLOOKUP(E2, Questions!A:E, 3, FALSE) -> Mass production | M2: 2 | N2: =RAND() -> 0.57619437
E3: =INDEX(M$1:(INDIRECT("m"&D$2)),RANK(N2,N$1:(INDIRECT("n"&D$2)))) -> 107 | F3: =VLOOKUP(E3, Questions!A:E, 2, FALSE) -> A material that changes its properties in response to an external change (heat/light etc) is called a what? | G3: =VLOOKUP(E3, Questions!A:E, 3, FALSE) -> Smart material | M3: 3 | N3: =RAND() -> 0.049149058
E4: =INDEX(M$1:(INDIRECT("m"&D$2)),RANK(N3,N$1:(INDIRECT("n"&D$2)))) -> 215 | F4: =VLOOKUP(E4, Questions!A:E, 2, FALSE) -> What is the purpose or benefit of seasoning wood before it is cut into useable form (planks)? | G4: =VLOOKUP(E4, Questions!A:E, 3, FALSE) -> Makes it stronger, prevents rot, prevents warping or twisting. | M4: 4 | N4: =RAND() -> 0.50005911
B5: Topic Questions | C5: 1 | D5: 3 | E5: =INDEX((INDIRECT("m"&C5)):(INDIRECT("m"&D5)),RANK((INDIRECT("n"&C5)),(INDIRECT("n"&C5)):(INDIRECT("n"&D5)))) -> 2 | F5: =VLOOKUP(E5, Questions!A:E, 2, FALSE) -> What is the term used to describe machines communicating without human input? | G5: =VLOOKUP(E5, Questions!A:E, 3, FALSE) -> Smart technology | M5: 5 | N5: =RAND() -> 0.11492683
E6: =INDEX((INDIRECT("m"&C5)):(INDIRECT("m"&D5)),RANK((INDIRECT("n"&C5+1)),(INDIRECT("n"&C5)):(INDIRECT("n"&D5)))) -> 1 | F6: =VLOOKUP(E6, Questions!A:E, 2, FALSE) -> What are the three parts of a system? | G6: =VLOOKUP(E6, Questions!A:E, 3, FALSE) -> Input, Process, Output | M6: 6 | N6: =RAND() -> 0.89835654
E7: =INDEX((INDIRECT("m"&C5)):(INDIRECT("m"&D5)),RANK((INDIRECT("n"&C5+2)),(INDIRECT("n"&C5)):(INDIRECT("n"&D5)))) -> 3 | F7: =VLOOKUP(E7, Questions!A:E, 2, FALSE) -> What is the word used to describe machines doing tasks without much/any human input? | G7: =VLOOKUP(E7, Questions!A:E, 3, FALSE) -> Automation | M7: 7 | N7: =RAND() -> 0.32230407
M8: 8 | N8: =RAND() -> 0.93397678
M9: 9 | N9: =RAND() -> 0.89902569
M10: 10 | N10: =RAND() -> 0.40198955
M11: 11 | N11: =RAND() -> 0.44766223
M12: 12 | N12: =RAND() -> 0.78715085
M13: 13 | N13: =RAND() -> 0.83450748
M14: 14 | N14: =RAND() -> 0.87299354
M15: 15 | N15: =RAND() -> 0.84394507
M16: 16 | N16: =RAND() -> 0.29048645
M17: 17 | N17: =RAND() -> 0.92912516
M18: 18 | N18: =RAND() -> 0.8386405
M19: 19 | N19: =RAND() -> 0.63073044
... M516: 516 | N516: =RAND() -> 0.90437971

Sheet For board 6
A1: 1 | B1: ='Quiz 6'!F2 -> What scale of production would be suitable to make road cars?
A2: 2 | B2: ='Quiz 6'!F3 -> A material that changes its properties in response to an external change (heat/light etc) is called a what?
A3: 3 | B3: ='Quiz 6'!F4 -> What is the purpose or benefit of seasoning wood before it is cut into useable form (planks)?
A4: 4 | B4: ='Quiz 6'!F5 -> What is the term used to describe machines communicating without human input?
A5: 5 | B5: ='Quiz 6'!F6 -> What are the three parts of a system?
A6: 6 | B6: ='Quiz 6'!F7 -> What is the word used to describe machines doing tasks without much/any human input?
